 Dungeon Crawl Stone Soup version 0.28.0-43-g3370ac3207 (webtiles) character file.

Game seed: 17541587779728895908

113486 hehateme the Warrior (level 17, -6/107 HPs)
             Began as a Kobold Summoner on Mar 20, 2022.
             Was a High Priest of Hepliaklqana.
             Killed from afar by a rakshasa (illusionary) (23 damage)
             ... with a lance of force
             ... on level 14 of the Dungeon on Mar 21, 2022.
             The game lasted 02:42:07 (65170 turns).

hehateme the Warrior (Kobold Summoner)             Turns: 65170, Time: 02:42:08

Health: -6/107     AC: 19    Str: 11    XL:     17   Next: 18%
Magic:  18/26      EV: 15    Int: 18    God:    Hepliaklqana [*****.]
Gold:   861        SH:  6    Dex: 16    Spells: 3/29 levels left

rFire   + . .      SeeInvis .   o - +5 morningstar "Suadapp" {vamp, Drain rElec rPois rC-}
rCold   . . .      Faith    .   m - +0 buckler
rNeg    . . .      Spirit   .   j - +4 ring mail "Fuschoki" {Fly}
rPois   +          Reflect  .   e - +0 helmet
rElec   +          Harm     .   V - +2 cloak
rCorr   .          Rampage  .   C - +0 pair of gloves
Will    +....                   r - +0 pair of boots
Stlth   +++.......              (no amulet)
HPRegen 0.27/turn               I - ring of protection from cold
MPRegen 0.20/turn               F - ring of protection from fire

@: flying
A: reduced essence, small, no large weapons, nightstalker 3
a: Renounce Religion, Recall Ancestor, Ancestor Identity, Transference, Idealise


You were on level 14 of the Dungeon.
You worshipped Hepliaklqana.
Hepliaklqana was extremely pleased with you.
You visited 5 branches of the dungeon, and saw 26 of its levels.
You also visited: Ossuary.

You collected 2340 gold pieces.
You spent 1479 gold pieces at shops.

Inventory:

Hand Weapons
 o - the +5 morningstar "Suadapp" (weapon) {vamp, Drain rElec rPois rC-}
   (You bought it in a shop on level 8 of the Dungeon)

   It occasionally heals its wielder for a portion of the damage dealt when it
   wounds a living foe.
   rC:        It makes you vulnerable to cold.
   rElec:     It insulates you from electricity.
   rPois:     It protects you from poison.
   Drain:     It drains your maximum health when unequipped.
 w - the +9 trident of Fragile Peace {antimagic, rN+}
   (You found it on level 10 of the Dungeon)

   It reduces the magical energy of the wielder, and disrupts the spells and
   magical abilities of those it strikes.
   Natural abilities and divine invocations are not affected.
   rN:        It protects you from negative energy.
 M - the +10 war axe of the Tooth {antimagic, Str+4}
   (You found it on level 13 of the Dungeon)

   It reduces the magical energy of the wielder, and disrupts the spells and
   magical abilities of those it strikes.
   Natural abilities and divine invocations are not affected.
   Str:       It affects your strength (+4).
Missiles
 g - 26 boomerangs
 A - 5 silver boomerangs
 N - 27 poisoned darts
 O - 4 curare-tipped darts
 Q - 683 stones
 R - 2 throwing nets (quivered) {=f}
Armour
 e - a +0 helmet (worn)
 j - the +4 ring mail "Fuschoki" (worn) {Fly}
   (You found it on level 4 of the Lair of Beasts)

   Fly:       It grants you flight.
 m - a +0 buckler (worn)
 r - a +0 pair of boots (worn)
 C - a +0 pair of gloves (worn)
 V - a +2 cloak (worn)
Jewellery
 b - a +4 ring of evasion
 d - a +4 ring of evasion
 k - a ring of ice {rC+, rF-}
 s - a +4 ring of evasion
 v - an amulet of faith {Faith, !P}
 F - a ring of protection from fire (right hand)
 G - an amulet of guardian spirit {Spirit}
 H - an amulet of reflection
 I - a ring of protection from cold (left hand)
 P - a ring of poison resistance
 X - a ring of protection from cold
Wands
 a - a wand of paralysis (6)
 f - a wand of flame (15)
 B - a wand of mindburst (5)
 D - a wand of digging (6)
 Y - a wand of charming (12)
Scrolls
 h - a scroll of summoning {unknown}
 i - 3 scrolls of identify
 l - 3 scrolls of silence
 n - a scroll of enchant weapon
 u - 4 scrolls of fog
 y - a scroll of vulnerability {!r!r}
 S - 2 scrolls of immolation {!r}
 U - a scroll of magic mapping {!r}
 Z - a scroll of acquirement
Potions
 c - 5 potions of attraction {!q}
 p - 2 potions of brilliance
 q - a potion of ambrosia
 x - 4 potions of mutation {!q}
 z - 2 potions of haste
 E - 2 potions of might
 K - a potion of magic
 L - 2 potions of cancellation
Miscellaneous
 J - a phantom mirror (inert)


   Skills:
 + Level 17.8 Fighting
 - Level 12.0 Maces & Flails
 - Level 10.2 Armour
 - Level 6.6 Dodging
 - Level 2.6 Stealth
 * Level 4.7 Shields
 - Level 6.5 Spellcasting
 - Level 8.6 Summonings
 - Level 10.7 Translocations
 - Level 5.8 Air Magic
 - Level 2.3 Evocations


You had 3 spell levels left.
You knew the following spells:

 Your Spells              Type           Power      Damage    Failure   Level
a - Summon Small Mammal   Summ           100%       N/A       1%          1
b - Call Imp              Summ           37%        N/A       1%          2
c - Call Canine Familiar  Summ           37%        N/A       2%          3
d - Summon Guardian Gole  Hex/Summ       21%        N/A       17%         3
e - Summon Lightning Spi  Summ/Air       32%        N/A       16%         4
f - Manifold Assault      Tloc           44%        N/A       11%         5
g - Summon Mana Viper     Hex/Summ       21%        N/A       83%         5
s - Swiftness             Air            27%        N/A       9%          3

Your spell library contained the following spells:

 Spells                   Type           Power      Damage    Failure   Level
 Blink                    Tloc           88%        N/A       1%          2
 Lesser Beckoning         Tloc           44%        N/A       1%          3
 Static Discharge         Conj/Air       16%        N/A       14%         2
 Magic Dart               Conj           20%        1d4       32%         1
 Mephitic Cloud           Conj/Pois/Air  12%        N/A       41%         3
 Ensorcelled Hibernation  Hex/Ice        10%        N/A       45%         2
 Passwall                 Tmut/Erth      4%         N/A       45%         2
 Searing Ray              Conj           10%        2d4       45%         2
 Frozen Ramparts          Ice            10%        1d3       69%         3
 Ignite Poison            Fire/Tmut/Pois 5%         N/A       69%         3
 Airstrike                Air            13%        N/A       28%         4
 Summon Ice Beast         Ice/Summ       21%        N/A       50%         4
 Lightning Bolt           Conj/Air       8%         1d20      95%         5
 Animate Dead             Necr           2%         N/A       97%         4
 Fulminant Prism          Conj/Hex       2%         3d6       97%         4
 Ice Form                 Ice/Tmut       5%         N/A       97%         4
 Freezing Cloud           Conj/Ice/Air   6%         6-21      99%         5
 Borgnjor's Vile Clutch   Necr/Erth      2%         N/A       100%        5
 Death Channel            Necr           2%         N/A       100%        6
 Monstrous Menagerie      Summ           18%        N/A       100%        7
 Orb of Destruction       Conj           2%         9d5       100%        7
 Spellforged Servitor     Conj/Summ      10%        N/A       100%        7
 Maxwell's Capacitive Co  Air            13%        ∞         100%        8


Dungeon Overview and Level Annotations

Branches:
Dungeon (14/15)            Temple (1/1) D:5            Lair (6/6) D:9
 Shoals (0/4) Lair:4        Snake (3/4) Lair:2        Slime (0/5) Lair:6
    Orc (2/2) D:12            Elf (0/3) Orc:2       Ossuary (visited)
 Vaults: D:13-14

Altars:
Ashenzari
Cheibriados
Dithmenos
Elyvilon
Fedhas
Gozag
Hepliaklqana
Kikubaaqudgha
Makhleb
Nemelex Xobeh
Okawaru
Qazlal
Ru
Sif Muna
Trog
Uskayaw
Vehumet
Wu Jian
Xom
Yredelemnul
Zin
The Shining One
Beogh
Jiyva
Lugonu

Shops:
D:6 *   D:7 (   D:8 ?![((   D:9 [   D:13 :   D:14 (   Orc:1 :   Orc:2 !*
Snake:3 **!

Portals:
Abyss: Lair:6

Annotations:
D:2 exclusion: 2 downstairs, Ijyb
D:3 1 runed translucent door, Crazy Yiuf
D:4 exclusion: downstairs, Edmund, Eustachio
D:7 1 runed translucent door
D:8 2 transporters
D:9 3 runed translucent doors
D:10 exclusion: oklob plant
D:11 exclusion: downstairs
D:14 2 runed translucent doors, Cown's ghost, journeyman TrHu
Lair:4 exclusion: 3 hydras
Lair:5 exclusion: hydra
Snake:1 exclusion: downstairs
Snake:2 exclusion: downstairs
Orc:1 2 runed translucent doors, Pumol's ghost, journeyman TrMo


Innate Abilities, Weirdness & Mutations

Your life essence is reduced to manifest your ancestor. (-10% HP)
You are small and have problems with some larger weapons.
You are completely attuned to the shadows.


Message History

The arrow misses Ara.
The vault guard hits you with a +2 dire flail of protection.
You take 24 damage, and have 59/107 hp.
GAME OVER YEAH!!
Ara hits the vault guard with a +0 dagger of draining.
An arrow appears from out of your range of vision.
The arrow hits Ara.
The rakshasa hits you but does no damage.
The rakshasa gestures at you. The lance of force hits you!!
* * * LOW HITPOINT WARNING * * *
You are knocked back by the lance of force.
You collide with the vault guard!
* * * LOW HITPOINT WARNING * * *
You hear a shout!
You take 22 damage, and have 37/107 hp.
GAME OVER YEAH!!
The rakshasa hits you with a +0 long sword!
* * * LOW HITPOINT WARNING * * *
The rakshasa hits you with a +0 long sword!
* * * LOW HITPOINT WARNING * * *
The rakshasa hits you with a +0 long sword.
* * * LOW HITPOINT WARNING * * *
An arrow appears from out of your range of vision.
The arrow hits Ara!
You take 21 damage, and have 16/107 hp.
Unknown command.
Okay, then.
Okay, then.
Unknown command.
The arrow misses Ara.
An arrow appears from out of your range of vision.
Ara closely misses the vault guard.
The rakshasa weaves an illusion.
The vault guard shimmers and seems to become two!
The rakshasa barely misses you.
The rakshasa blinks!
The arrow hits Ara.
The rakshasa gestures at you. The lance of force hits you!!
You die...

.....# #..#
#.# †..
.....# #..#
#.##.#.
####.# #..#
#..☼<..
#.######..#
#..#
#.........#
#pR#
#.........#
#.p#
#..######.#
#..# #..#
#.#####RR#
#..#
#.†..@p..#
#........#
#........#
#..####.R#
#..# #..#

Skill      XL: |  1  2  3  4  5  6  7  8  9 10 11 12 13 14 15 16 17 |
---------------+----------------------------------------------------+-----
Fighting       | 1 2 3 5 6 8 10 12 13 15 16 17 | 17.8
Summonings     | 5 6 7 8 |  8.6
Evocations     | 2 |  2.3
Armour         | 2 3 4 6 9 10 | 10.2
Air Magic      | 3 5 |  5.8
Spellcasting   | 3 4 6 |  6.5
Maces & Flails | 5 9 10 12 | 12.0
Translocations | 7 10 | 10.7
Dodging        | 6 |  6.6
Shields        | 3 4 |  4.7
Stealth        | |  2.6

Notes
Turn   | Place    | Note
-------+----------+-------------------------------------------
     0 | D:1      | hehateme the Kobold Summoner began the quest for the Orb.
     0 | D:1      | Reached XP level 1. HP: 10/10 MP: 3/3
   376 | D:1      | Reached XP level 2. HP: 15/16 MP: 5/5
   403 | D:1      | Found a faded altar of an unknown god.
   531 | D:1      | Reached skill level 1 in Fighting
   675 | D:1      | Reached XP level 3. HP: 18/20 MP: 3/6
  1672 | D:1      | Reached skill level 5 in Summonings
  1926 | D:2      | Reached XP level 4. HP: 18/25 MP: 3/7
  2182 | D:2      | Learned a level 3 spell: Call Canine Familiar
  2455 | D:2      | HP: 4/25 [adder (3)]
  3388 | D:2      | Noticed Ijyb
  3469 | D:3      | Noticed Terence
  3498 | D:3      | Reached skill level 6 in Summonings
  3498 | D:3      | Reached XP level 5. HP: 29/29 MP: 4/8
  4098 | D:3      | Killed Terence
  4750 | D:3      | Reached XP level 6. HP: 34/34 MP: 5/9
  4754 | D:3      | Reached skill level 1 in Evocations
  4758 | D:3      | Reached skill level 2 in Evocations
  4954 | D:3      | Found a runed translucent door.
  4957 | D:3      | Noticed Crazy Yiuf
  5082 | D:4      | Found a sacrificial altar of Ru.
  5100 | D:4      | Found a sparkling altar of Nemelex Xobeh.
  5153 | D:4      | Reached skill level 1 in Armour
  5312 | D:4      | HP: 5/35 [scorpion (9)]
  5318 | D:4      | Reached skill level 2 in Fighting
  5569 | D:4      | Found a white marble altar of Elyvilon.
  5608 | D:4      | Noticed Edmund
  5688 | D:4      | Noticed Eustachio
  5860 | D:5      | Entered Level 5 of the Dungeon
  5882 | D:5      | Noticed a sky beast
  5883 | D:5      | Reached skill level 2 in Armour
  5883 | D:5      | Reached XP level 7. HP: 33/40 MP: 6/10
  5975 | D:5      | Found a staircase to the Ecumenical Temple.
  6259 | D:5      | Found a sand-covered staircase.
  6305 | Ossuary  | Entered an ossuary
  6378 | Ossuary  | Reached skill level 3 in Fighting
  6546 | Ossuary  | Reached skill level 3 in Armour
  6948 | Ossuary  | Reached XP level 8. HP: 43/48 MP: 5/11
  7082 | Ossuary  | Reached skill level 4 in Fighting
  7082 | Ossuary  | Reached skill level 4 in Armour
  7699 | Ossuary  | HP: 11/48 [poisoned by a scorpion]
  7703 | Ossuary  | Reached skill level 1 in Air Magic
  8015 | Ossuary  | Reached skill level 2 in Air Magic
  8129 | Ossuary  | Learned a level 2 spell: Call Imp
  8182 | Ossuary  | Reached skill level 5 in Fighting
  8182 | Ossuary  | Reached skill level 3 in Spellcasting
  8544 | D:5      | Found a stormy altar of Qazlal.
  9070 | Temple   | Entered the Ecumenical Temple
  9252 | Temple   | Became a worshipper of Hepliaklqana the Forgotten
  9280 | D:5      | Reached skill level 3 in Air Magic
  9498 | D:5      | Reached XP level 9. HP: 32/54 MP: 7/14
 10130 | D:5      | Learned a level 3 spell: Summon Guardian Golem
 10135 | D:5      | Learned a level 4 spell: Summon Lightning Spire
 10355 | D:6      | Found Xatou's Overcharged Wands.
 10495 | D:6      | Reached skill level 4 in Air Magic
 10599 | D:6      | Reached * piety under Hepliaklqana
 11139 | D:7      | Reached skill level 4 in Spellcasting
 11223 | D:7      | Found a runed translucent door.
 11292 | D:7      | Found a basalt altar of Yredelemnul.
 11326 | D:7      | Noticed Duvessa
 11410 | D:7      | HP: 9/49 [themself (35)]
 11909 | D:7      | Noticed Dowan
 11922 | D:7      | Killed Duvessa
 11922 | D:7      | Killed Dowan
 11923 | D:7      | Reached skill level 6 in Fighting
 11923 | D:7      | Reached skill level 5 in Air Magic
 12085 | D:7      | Found Kecvud's Antique Weapon Shoppe.
 12090 | D:7      | Bought a steaming whip for 210 gold pieces
 12090 | D:7      | Identified the +4 whip "Orb Guardian's Foe" {flame, rPois
                  | Int+2} (You bought it in a shop on level 7 of the Dungeon)
 12323 | D:7      | Found an ancient bone altar of Kikubaaqudgha.
 13130 | D:7      | Learned a level 3 spell: Swiftness
 13140 | D:8      | Found Riymaynk's Weapon Boutique.
 13674 | D:8      | Found Luhit's Armour Boutique.
 13853 | D:8      | Found a transporter.
 14006 | D:8      | Reached skill level 7 in Summonings
 14255 | D:8      | Found Rofi's Distillery.
 14260 | D:8      | Bought a potion of haste for 140 gold pieces
 14366 | D:8      | Reached XP level 10. HP: 54/54 MP: 13/17
 14564 | D:8      | Reached ** piety under Hepliaklqana
 14576 | D:8      | Found Xyururr's Magic Scroll Shoppe.
 14577 | D:8      | Remembered your ancestor Ara as a hexer
 14582 | D:8      | Bought a scroll of teleportation for 39 gold pieces
 14605 | D:8      | Reached skill level 7 in Fighting
 14828 | D:8      | Noticed a kobold demonologist
 14839 | D:8      | Found a transporter.
 14916 | D:8      | Found Gebusi's Weapon Boutique.
 15226 | D:9      | HP: 10/56 [themself (36)]
 15695 | D:9      | Reached skill level 8 in Summonings
 16094 | D:9      | Found a staircase to the Lair.
 16441 | D:9      | Reached skill level 8 in Fighting
 16576 | D:9      | Found a runed translucent gate.
 16576 | D:9      | Found a runed translucent gate.
 16576 | D:9      | Found a runed translucent gate.
 16665 | D:9      | Reached skill level 5 in Armour
 16770 | D:9      | Noticed Erica
 16906 | D:9      | Noticed a two-headed ogre
 16965 | D:9      | Killed a two-headed ogre
 17170 | D:9      | Reached skill level 6 in Armour
 17368 | D:9      | Found Jekkef's Armour Boutique.
 17545 | D:9      | Noticed Joseph
 17582 | D:9      | Killed Joseph
 17583 | D:9      | Reached XP level 11. HP: 52/62 MP: 5/18
 17992 | D:9      | Found an iron altar of Okawaru.
 18101 | D:10     | Entered Level 10 of the Dungeon
 18123 | D:10     | Reached *** piety under Hepliaklqana
 18131 | D:10     | Found a blossoming altar of Fedhas.
 18139 | D:10     | Noticed an oklob plant
 18176 | D:10     | Noticed Harold
 18256 | D:10     | Noticed a two-headed ogre
 18367 | D:10     | Killed a two-headed ogre
 18368 | D:10     | Reached skill level 9 in Fighting
 18414 | D:10     | Noticed a two-headed ogre
 18423 | D:10     | Killed a two-headed ogre
 18424 | D:10     | Reached skill level 7 in Armour
 18692 | D:10     | Found a bloodstained altar of Trog.
 18708 | D:10     | Noticed Erolcha
 19380 | D:10     | Identified the +9 trident of Fragile Peace {antimagic, rN+}
 19387 | D:10     | Found a radiant altar of Vehumet.
 19469 | D:10     | Found a burning altar of Makhleb.
 19523 | D:10     | Killed Erolcha
 19524 | D:10     | Reached skill level 8 in Armour
 19676 | D:10     | Identified a scroll of acquirement
 19799 | D:10     | Noticed Grum
 19837 | D:10     | HP: 12/64 [Harold/+0 flail (8)]
 19839 | D:10     | Killed Harold
 19840 | D:10     | Reached skill level 10 in Fighting
 20971 | D:10     | Killed Grum
 21339 | Lair:1   | Entered Level 1 of the Lair of Beasts
 21667 | Lair:1   | Reached skill level 9 in Armour
 21857 | Lair:1   | Reached XP level 12. HP: 47/71 MP: 9/19
 22006 | Lair:1   | Reached skill level 11 in Fighting
 22126 | Lair:1   | Noticed Sonja
 22155 | Lair:1   | Killed Sonja
 22657 | Lair:1   | Reached **** piety under Hepliaklqana
 22767 | Lair:1   | Reached skill level 10 in Armour
 23025 | Lair:1   | Found the +8 whip "Snakebite" {venom, curare, rPois}
 23256 | Lair:1   | Reached skill level 1 in Maces & Flails
 23458 | Lair:1   | Reached skill level 2 in Maces & Flails
 24181 | Lair:2   | Found a staircase to the Snake Pit.
 24327 | Lair:2   | Reached skill level 3 in Maces & Flails
 24441 | Lair:2   | Identified the +3 falchion of Vengeance {speed, rPois rC+
                  | SInv}
 24567 | Lair:2   | Noticed a seven-headed hydra
 24580 | Lair:2   | Killed a seven-headed hydra
 24581 | Lair:2   | Reached skill level 12 in Fighting
 24581 | Lair:2   | Reached skill level 4 in Maces & Flails
 25032 | Lair:2   | Noticed a boulder beetle
 25041 | Lair:2   | Killed a boulder beetle
 25042 | Lair:2   | Noticed a four-headed hydra
 25045 | Lair:2   | HP: 16/72 [four-headed hydra (9)]
 25051 | Lair:2   | Killed a four-headed hydra
 26016 | Lair:3   | Reached skill level 5 in Maces & Flails
 26264 | Lair:3   | Reached XP level 13. HP: 55/77 MP: 10/20
 26442 | Lair:3   | HP: 16/78 [poisoned by a black mamba]
 27510 | Lair:3   | Reached skill level 6 in Maces & Flails
 27649 | Lair:3   | Noticed Urug
 27656 | Lair:3   | Killed Urug
 28417 | Lair:4   | Noticed an eight-headed hydra
 28626 | Lair:4   | Reached ***** piety under Hepliaklqana
 28628 | Lair:4   | Identified the +4 ring mail "Fuschoki" {Fly}
 28652 | Lair:4   | Noticed a five-headed hydra
 28717 | Lair:4   | Reached skill level 7 in Maces & Flails
 28806 | Lair:4   | Reached skill level 13 in Fighting
 28988 | Lair:4   | Found a staircase to the Shoals.
 29000 | Lair:4   | Noticed a seven-headed hydra
 29094 | Lair:4   | Killed a five-headed hydra
 29143 | Lair:4   | Reached skill level 8 in Maces & Flails
 29311 | Lair:4   | Killed a seven-headed hydra
 31063 | Lair:5   | HP: 18/79 [poisoned by a cane toad]
 31068 | Lair:5   | HP: 11/79 [poisoned by a cane toad]
 31955 | Lair:5   | Noticed a six-headed hydra
 32073 | Lair:5   | Reached skill level 9 in Maces & Flails
 32931 | Lair:5   | Noticed Kirke
 32943 | Lair:5   | Noticed a sphinx
 32945 | Lair:5   | Killed Kirke
 33424 | Lair:6   | Entered Level 6 of the Lair of Beasts
 33661 | Lair:6   | Reached XP level 14. HP: 78/85 MP: 9/21
 33885 | Lair:6   | Reached skill level 14 in Fighting
 34076 | Lair:6   | Reached skill level 10 in Maces & Flails
 34668 | Lair:6   | Reached skill level 1 in Translocations
 34816 | Lair:6   | Reached skill level 2 in Translocations
 34831 | Lair:6   | Reached skill level 3 in Translocations
 34836 | Lair:6   | HP: 10/86 [lindwurm/blast of flame (40)]
 34855 | Lair:6   | HP: 10/86 [lindwurm/blast of flame (4)]
 35369 | Lair:6   | Reached skill level 4 in Translocations
 35985 | Lair:6   | Reached skill level 5 in Translocations
 36121 | Lair:6   | Found a staircase to the Slime Pits.
 36122 | Lair:6   | Found a viscous altar of Jiyva.
 36488 | Lair:6   | Reached skill level 6 in Translocations
 36506 | Lair:6   | HP: 18/86 [deep troll (shapeshifter) (4)]
 36915 | Lair:6   | Reached skill level 15 in Fighting
 37711 | Lair:6   | Reached skill level 7 in Translocations
 38379 | Lair:6   | Reached XP level 15. HP: 67/92 MP: 8/22
 38582 | Lair:6   | Learned a level 5 spell: Manifold Assault
 38619 | Lair:6   | Found a corrupted altar of Lugonu.
 39147 | Lair:6   | Found a one-way gate to the infinite horrors of the Abyss.
 39173 | Lair:6   | Identified the +5 shortbow "Esseod" {speed, Dex+4}
 39520 | D:11     | Reached skill level 8 in Translocations
 40830 | D:11     | Reached skill level 9 in Translocations
 41511 | D:9      | Killed Erica
 42556 | D:12     | Found a staircase to the Orcish Mines.
 43248 | D:12     | Identified the +1 robe "Cost" {rPois Regen+ Int-5 Dex+3}
 43570 | D:12     | Reached skill level 16 in Fighting
 43570 | D:12     | Reached skill level 10 in Translocations
 44266 | Orc:1    | Entered Level 1 of the Orcish Mines
 44847 | Orc:1    | Found a large runed translucent door.
 44847 | Orc:1    | Found a large runed translucent door.
 44848 | Orc:1    | Reached ****** piety under Hepliaklqana
 45065 | Orc:2    | Entered Level 2 of the Orcish Mines
 45944 | Orc:1    | Found Ennaecrunuss's Book Shop.
 46203 | Orc:1    | Noticed Pumol's ghost (journeyman TrMo)
 46223 | Orc:2    | Found a staircase to the Elven Halls.
 46482 | Orc:2    | Noticed Rupert
 46505 | Orc:2    | HP: 17/93 [Rupert/+3 great sword of electrocution (31)]
 46507 | Orc:2    | Killed Rupert
 47294 | Orc:2    | Found Gawnufom's Distillery.
 47408 | Orc:2    | Bought a potion of curing for 42 gold pieces
 47408 | Orc:2    | Bought a potion of curing for 42 gold pieces
 47408 | Orc:2    | Bought a potion of curing for 42 gold pieces
 47408 | Orc:2    | Bought 3 potions of haste for 420 gold pieces
 47541 | Orc:2    | Found Lileol's General Store.
 47547 | Orc:2    | Reached skill level 5 in Spellcasting
 48404 | Orc:2    | Noticed an orc warlord
 48445 | Orc:2    | Killed an orc warlord
 48963 | Snake:1  | Entered Level 1 of the Snake Pit
 49401 | Snake:1  | Reached skill level 6 in Spellcasting
 51313 | Snake:1  | Found a bloodstained altar of Trog.
 51840 | Snake:1  | Reached XP level 16. HP: 99/99 MP: 25/25
 52120 | Snake:2  | Reached skill level 3 in Dodging
 54435 | D:8      | Bought the +5 morningstar "Suadapp" {vamp, Drain rElec
                  | rPois rC-} for 511 gold pieces
 54586 | Snake:1  | Reached skill level 11 in Maces & Flails
 54591 | Snake:1  | Reached skill level 4 in Dodging
 55165 | Snake:2  | Learned a level 5 spell: Summon Mana Viper
 55659 | Snake:2  | Noticed a nagaraja
 55678 | Snake:2  | Killed a nagaraja
 55874 | Snake:2  | Reached skill level 17 in Fighting
 55874 | Snake:2  | Reached skill level 5 in Dodging
 56011 | Snake:2  | Noticed a nagaraja
 56019 | Snake:2  | Killed a nagaraja
 57296 | Snake:3  | HP: 15/100 [mana viper (11)]
 57308 | Snake:3  | HP: 24/100 [black mamba (2)]
 57315 | Snake:3  | HP: 23/100 [black mamba (10)]
 57317 | Snake:3  | HP: 9/100 [black mamba (14)]
 57907 | Snake:3  | HP: 12/100 [naga/+0 war axe (24)]
 58789 | Snake:3  | Reached skill level 6 in Dodging
 58801 | Snake:2  | Reached skill level 12 in Maces & Flails
 59428 | Snake:3  | HP: 21/100 [naga sharpshooter/bolt (19)]
 59965 | Snake:2  | HP: 25/100 [poisoned by a naga ritualist (toxic radiance)]
 59970 | Snake:2  | HP: 20/100 [poisoned by a naga ritualist (toxic radiance)]
 60674 | Snake:3  | Reached skill level 1 in Shields
 61005 | Snake:3  | Reached skill level 2 in Shields
 61213 | Snake:3  | Noticed a nagaraja
 61334 | Snake:3  | HP: 25/100 [nagaraja/splash of poison (3)]
 61340 | Snake:3  | HP: 24/100 [poisoned by a nagaraja (bolt of poison)]
 61345 | Snake:3  | HP: 15/100 [poisoned by a nagaraja (bolt of poison)]
 61350 | Snake:3  | HP: 10/100 [poisoned by a nagaraja (bolt of poison)]
 61356 | Snake:3  | HP: 7/100 [poisoned by a nagaraja (bolt of poison)]
 62080 | Snake:3  | Found Sejuwang's Distillery.
 62080 | Snake:3  | Found Zaickarph's General Store.
 62081 | Snake:3  | Found Xuqegiek's Assorted Antiques.
 62089 | Snake:3  | Bought a scroll of teleportation for 33 gold pieces
 62139 | Snake:3  | Killed a nagaraja
 62748 | D:13     | Reached skill level 3 in Shields
 63156 | D:13     | Reached XP level 17. HP: 106/106 MP: 17/26
 63261 | D:13     | Identified the +10 war axe of the Tooth {antimagic, Str+4}
 63782 | D:13     | Found Toach's Book Shop.
 64086 | D:14     | Found Rasuann's Weapon Shoppe.
 64147 | D:14     | HP: 23/107 [large slime creature (28)]
 64154 | D:14     | HP: 37/160 [rakshasa/+0 long sword (12)]
 64472 | D:14     | Reached skill level 4 in Shields
 64708 | D:14     | Found a runed translucent gate.
 64708 | D:14     | Found a runed translucent gate.
 64768 | D:14     | Noticed Azrael
 64780 | D:14     | Killed Azrael
 64796 | D:14     | HP: 25/107 [hell hound/blast of flame[Azrael] (5)]
 64798 | D:14     | Noticed Cown's ghost (journeyman TrHu)
 65167 | D:14     | HP: 17/107 [rakshasa/+0 long sword (12)]
 65170 | D:14     | Killed from afar by a rakshasa (illusionary)

Table legend: (Time is in decaauts)
 A = Elapsed time spent in this place.
 B = Non-inter-level travel time spent in this place.
 C = Inter-level travel time spent in this place.
 D = Time resting spent in this place.
 E = Time spent auto-exploring this place.
 F = Levels seen in this place.
 G = Mean time per level.
                   A        B        C        D        E       F      G
               +--------+--------+--------+--------+--------+-----+--------+
         Total |  64848 |  62543 |   2305 |  28769 |  25797 |  27 | 2401.8 |
       Dungeon |  26656 |  25403 |   1253 |   9272 |  12801 |  14 | 1904.0 |
        Temple |    197 |    155 |     42 |      0 |    142 |   1 |  197.0 |
          Lair |  19718 |  19068 |    650 |   7885 |   9075 |   6 | 3286.3 |
     Snake Pit |  11745 |  11497 |    248 |   7954 |   2066 |   3 | 3915.0 |
  Orcish Mines |   4333 |   4222 |    111 |   2183 |   1419 |   2 | 2166.5 |
       Ossuary |   2196 |   2196 |      0 |   1473 |    293 |   1 | 2196.0 |
               +--------+--------+--------+--------+--------+-----+--------+

Top non-repeatable levels by time:
  Lair:6: 5327 daAuts
 Snake:3: 5019 daAuts
  Lair:2: 4049 daAuts
 Snake:1: 3794 daAuts
    D:10: 3564 daAuts
  Lair:5: 3293 daAuts
     D:8: 3207 daAuts
 Snake:2: 2931 daAuts
    D:12: 2737 daAuts
  Lair:1: 2688 daAuts
   Orc:2: 2371 daAuts
  Lair:4: 2300 daAuts
 Ossuary: 2196 daAuts
    D:11: 2158 daAuts
     D:9: 2098 daAuts

Table legend:
 A = Kills in this place as a percentage of kills in entire the game.
 B = Kills by you in this place as a percentage of kills by you in the entire game.
 C = Kills by friends in this place as a percentage of kills by friends in the entire game.
 D = Other kills in this place as a percentage of other kills in the entire game.
 E = Experience gained in this place as a percentage of experience gained in the entire game.
 F = Experience gained in this place divided by the number of levels of this place that you have seen.
                   A       B       C       D       E      F
               +-------+-------+-------+-------+-------+----------------------
         Total | 100.0 | 100.0 | 100.0 | 100.0 | 100.0 | 6004.6
       Dungeon |  43.0 |  41.2 |  47.2 |  31.6 |  24.4 | 2829.7
          Lair |  27.5 |  21.3 |  27.4 |  45.9 |  38.9 | 10497.7
     Snake Pit |  11.6 |  12.0 |  10.8 |  13.3 |  29.1 | 15727.7
  Orcish Mines |  14.8 |  24.1 |   9.2 |   9.2 |   6.9 | 5609.5
       Ossuary |   3.2 |   1.4 |   5.4 |   0.0 |   0.7 | 1119.0
               +-------+-------+-------+-------+-------+----------------------

Action                   |  1- 3 |  4- 6 |  7- 9 | 10-12 | 13-15 | 16-18 || total
-------------------------+-------+-------+-------+-------+-------+-------++-------
Melee: Unarmed           |    50 |     9 |       |       |       |       ||    59
       Punch             |     1 |       |     2 |     2 |    12 |     4 ||    21
       Dagger            |       |    77 |   105 |       |       |       ||   182
       Whip              |       |       |    30 |   131 |   764 |    27 ||   952
       Morningstar       |       |       |       |       |    15 |   313 ||   328
Throw: Throwing net      |       |       |       |     5 |     3 |     4 ||    12
       Dart              |       |       |       |       |    11 |       ||    11
       Boomerang         |       |       |       |       |     2 |     6 ||     8
 Cast: Summon Small Mamm |    44 |    33 |    10 |     2 |    12 |     6 ||   107
       Call Canine Famil |       |    19 |    63 |    24 |    59 |    39 ||   204
       Call Imp          |       |       |    13 |     9 |    57 |    19 ||    98
       Summon Guardian G |       |       |    24 |    64 |   121 |    56 ||   265
       Summon Lightning  |       |       |     4 |    68 |   140 |    62 ||   274
       Manifold Assault  |       |       |       |       |    41 |    17 ||    58
Invok: Ancestor Identity |       |       |     1 |       |       |       ||     1
       Ancestor Life: He |       |       |       |     1 |       |       ||     1
       Recall Ancestor   |       |       |       |       |     1 |       ||     1
Evoke: Wand              |       |     2 |     6 |    13 |     6 |     9 ||    36
       Phantom mirror    |       |       |       |       |     2 |     2 ||     4
  Use: Potion            |       |     3 |     1 |     6 |    10 |    15 ||    35
       Scroll            |       |     2 |     2 |     9 |    21 |     3 ||    37
 Stab: Distracted        |     2 |       |     3 |     2 |    15 |     9 ||    31
       Sleeping          |     1 |    12 |     1 |     4 |     4 |     2 ||    24
       Confused          |       |       |       |     1 |     8 |     9 ||    18
       Paralysed         |       |       |       |       |    37 |    35 ||    72
Armor: Robe              |    11 |    12 |     9 |    22 |     9 |       ||    63
       Skin              |       |    14 |       |       |       |       ||    14
       Leather armour    |       |       |     1 |       |       |       ||     1
       Ring mail         |       |       |       |       |   198 |   148 ||   346
Dodge: Dodged            |    72 |    69 |   154 |   247 |   563 |   302 ||  1407
Block: Buckler           |       |       |       |       |       |    20 ||    20

Vanquished Creatures
  A nagaraja (Snake:2)
  Erolcha (D:10)
  Harold (D:10)
  A hydra (D:11)
  2 naga warriors
  2 anacondas
  5 two-headed ogres
  Erica (D:9)
  A centaur warrior (D:14)
  2 shock serpents (Snake:2)
  A naga sharpshooter (Snake:2)
  2 thrashing horrors (Lair:6)
  A salamander mystic (Snake:3)
  2 naga ritualists
  2 deep elf pyromancers
  4 cyclopes
  3 manticores
  An orc sorcerer (Orc:2)
  3 salamanders
  2 elephants (Lair:6)
  14 black mambas
  A smoke demon (Lair:6)
  2 naga magi (Snake:3)
  2 komodo dragons
  5 cane toads
  A kobold demonologist (D:11)
  A tengu conjurer (D:14)
  A merfolk (Lair:4)
  A queen bee (shapeshifter) (Lair:6)
  4 trolls
  14 blink frogs
  A hornet (D:9)
  A polar bear (Lair:6)
  7 dream sheep (Lair:6)
  4 slime creatures
  A ynoxinul (Lair:6)
  A wyvern (Lair:6)
  3 humans (D:14)
  2 wraiths
  14 yaks
  4 fire elementals (D:14)
  A basilisk (Lair:6)
  2 wargs (Orc:2)
  6 vampire mosquitoes
  9 nagas
  5 water moccasins
  A floating eye (shapeshifter) (D:14)
  A nameless horror (Orc:2)
  3 hell hounds (D:14)
  17 orc warriors
  A swamp drake (D:12)
  A hexer (Snake:3)
  3 ogres
  2 boggarts (D:14)
  A wolf (D:10)
  3 centaurs
  A kobold brigand (D:11)
  4 small abominations (Lair:6)
  5 bullfrogs
  A wyvern zombie (D:8)
  3 scorpions
  A gnoll sergeant (D:11)
  An electric eel (Snake:3)
  2 wights (D:9)
  4 howler monkeys
  2 centaur zombies
  A jelly (D:6)
  13 orc priests
  8 orc wizards
  Terence (D:3)
  A killer bee zombie (D:8)
  An adder (Lair:1)
  2 gnolls
  A dart slug (D:2)
  44 orcs
  2 bats (D:2)
  2 endoplasms
  A giant cockroach (D:1)
  A gnoll zombie (Ossuary)
  2 goblins
  A hobgoblin (D:3)
  3 kobolds
  5 ball pythons
  2 frilled lizards
  2 hobgoblin zombies (D:5)
  A quokka skeleton (D:4)
  A rat (D:2)
297 creatures vanquished.

Vanquished Creatures (collateral kills)
  Rupert (Orc:2)
  Kirke (Lair:5)
  2 nagarajas
  An orc warlord (Orc:2)
  Azrael (D:14)
  5 hydras
  4 anacondas
  A two-headed ogre (D:9)
  4 naga sharpshooters
  2 shock serpents
  A thrashing horror (Lair:6)
  Sonja (Lair:1)
  A sea snake (Snake:3)
  A large abomination (Lair:6)
  A naga ritualist (Snake:1)
  A lindwurm (Lair:6)
  5 mana vipers
  An orc knight (Orc:2)
  An ugly thing (Lair:6)
  A salamander (Snake:2)
  2 cyclopes (D:12)
  2 merfolk sirens (Lair:4)
  Joseph (D:9)
  6 naga magi
  3 elephants (Lair:6)
  A guardian serpent (Snake:2)
  17 black mambas
  7 cane toads
  2 rime drakes
  A smoke demon (Lair:6)
  5 komodo dragons
  An efreet (D:13)
  An ancient zyme (Lair:6)
  A hornet (D:9)
  A troll (D:12)
  12 blink frogs
  A slime creature (D:12)
  2 nameless horrors
  10 dream sheep (Lair:6)
  4 wyverns
  20 yaks
  2 ynoxinuls (Lair:6)
  A wraith (D:13)
  A human (D:14)
  A hog (Lair:5)
  3 vampire mosquitoes
  Grum (D:10)
  A warg (D:9)
  6 nagas
  An acid dragon (D:11)
  A hell hound (D:14)
  6 water moccasins
  A sky beast (D:5)
  A black bear (Lair:3)
  8 orc warriors
  A wolf (D:10)
  A boggart (D:14)
  3 centaurs
  An ogre (Orc:2)
  3 kobold brigands (D:8)
  5 small abominations (Lair:6)
  8 bullfrogs
  A gnoll sergeant (D:7)
  12 scorpions
  A water moccasin skeleton (D:5)
  2 water moccasin zombies
  5 killer bees (D:10)
  A wight (D:9)
  4 howler monkeys
  2 centaur zombies (D:9)
  A jelly (D:7)
  13 orc priests
  A hound (D:7)
  An iguana (D:6)
  29 orc wizards
  5 scorpion zombies (Ossuary)
  4 mummies
  7 gnolls
  4 adders
  3 worms
  A dart slug (D:1)
  39 orcs
  3 bats (D:1)
  4 endoplasms
  2 giant cockroaches (D:1)
  A gnoll zombie (Ossuary)
  5 goblins
  6 hobgoblins
  4 jackals (D:1)
  17 kobolds
  4 quokkas
  7 ball pythons
  4 frilled lizards
  3 goblin zombies (Ossuary)
  A kobold zombie (Ossuary)
  3 rats
392 creatures vanquished.

Vanquished Creatures (others)
  2 naga warriors (Snake:3)
  A boulder beetle (Lair:2)
  A hydra (Lair:4)
  An alligator (shapeshifter) (Lair:6)
  3 two-headed ogres
  Urug (Lair:3)
  A naga sharpshooter (Snake:1)
  A naga ritualist (Snake:3)
  A lindwurm (Lair:6)
  A manticore (D:13)
  2 large abominations (Lair:6)
  A black mamba (Snake:1)
  A naga mage (Snake:3)
  A kobold demonologist (D:11)
  4 komodo dragons
  A merfolk (Lair:4)
  4 dream sheep (Lair:6)
  3 blink frogs (Lair:6)
  A human (D:14)
  A basilisk (Lair:6)
  A hog (Lair:5)
  13 yaks
  A wyvern (Lair:5)
  A steam dragon (D:7)
  A warg (D:9)
  2 acid dragons
  6 nagas
  A water moccasin (Lair:1)
  Duvessa (D:7)
  6 orc warriors
  3 small abominations (Lair:6)
  3 wolves (Lair:4)
  2 centaurs
  Dowan (D:7)
  6 wights (D:9)
  A nameless horror (Lair:6)
  A gnoll shaman (D:7)
  31 hexers
  2 orc wizards
  3 ancestors (D:7)
  2 gnolls (D:7)
  3 orcs
  6 kobolds
  A bush (Lair:6)
  69 fungi
  148 plants
347 creatures vanquished.

Grand Total: 1036 creatures vanquished You could see a vault guard and 3 rakshasas.

Levels and vault maps discovered:
D:1:      minmay_arrival_loop, layout_basic,
          dreamdust_ecumenical_altar_hidden_monk_grotto, nicolae_wormholes
D:2:      kennysheep_the_goblin_king, layout_rooms
D:3:      layout_basic, minmay_lizard_king, uniq_crazy_yiuf_cottage,
          uniq_terence
D:4:      layout_rooms, mainiacjoe_overflow_catwalk_spiral, marbit_many_paths,
          nicolae_shop_fire_sale [nicolae_sub_dead_trees], uniq_ijyb,
          uniq_eustachio, uniq_edmund
D:5:      layout_rooms, nicolae_qazlal_scattered_showers,
          minmay_temple_entry_stoned_glass, nicolae_ossuary_entry_giza
D:6:      layout_loops_ring, nicolae_shop_overcharged_wands
D:7:      layout_loops_ring, dk_yredelemnul_ordeal,
          mainiacjoe_overflow_alcove_2, serial_shops, shop,
          minmay_misc_feat_chi, amcnicky_mini_rare_corridor_liquid, uniq_duvessa
D:8:      gammafunk_wand_slinger, layout_basic, serial_shops,
          nicolae_take_the_stairs, shop, shop, shop_coins,
          kennysheep_little_box, serial_corexii_hall, corexii_hall_statues_s,
          corexii_hall_statues_i, corexii_hall_statues_i,
          corexii_hall_statues_x, corexii_hall_statues_t, corexii_hall_statues_t
D:9:      layout_basic, lemuel_doored_altar, erik_lair_orcish_takeover,
          serial_shops, nicolae_shop_competitors_out_of_business,
          gammafunk_ghost_spectres, uniq_joseph, uniq_erica
D:10:     layout_irregular_city, lightli_temple_of_fire, lemuel_round_altar,
          mainiacjoe_overflow_alcove_4, tgw_fedhas, uniq_grum, uniq_harold,
          uniq_erolcha
D:11:     layout_loops_ring, gauntlet_entry_generic, serial_glass,
          glass_columns_b, glass_columns_b
D:12:     layout_gridville, erik_orc_1, minmay_fractal_squares_5
D:13:     layout_cave_pools, serial_shops, nicolae_lakefront_shop
D:14:     layout_long_grid, grunt_vaults_entry_tiered, solitary_fountain,
          serial_shops, nicolae_shop_stone, gammafunk_ghost_icy,
          portal_ice_cave_entry_ice_simulacra, nicolae_sif_muna_little_library,
          uniq_azrael
Temple:   jpeg_temple_clearing
Lair:1:   minmay_guarded_unrand_snakebite, layout_gridlike, enter_volcano_4,
          grunt_megastairs_5, infiniplex_staircase_pool_2, uniq_sonja
Lair:2:   layout_cave_pods, guppyfry_snake_entry_island, serial_forest,
          infiniplex_forest_clump_small, infiniplex_forest_lined_corner,
          infiniplex_forest_clump_C, infiniplex_forest_lined_room_,
          infiniplex_forest_clump_small
Lair:3:   layout_cave_pods, beast_lair_carwin_1, grunt_megastairs_1, uniq_urug
Lair:4:   layout_cave_pods, elwin_shoals_entry_stream, grunt_megastairs_2
Lair:5:   layout_cave_pods, grunt_megastairs_4, uniq_kirke
Lair:6:   hellmonk_lair_end_abyssal_woods, layout_gridlike, slime_altar_1,
          serial_bayou_lagoon_a
Snake:1:  layout_misc_corridors, basic_altar
Snake:2:  layout_rooms
Snake:3:  layout_grid_shapes, nicolae_wooded_promenade
Orc:1:    layout_caves, serial_shops, shop, ebering_ghost_disaster_area,
          nicolae_orc_rockfall, nicolae_orc_sculptors_studio
Orc:2:    grunt_orc_community_town_hall, layout_caves,
          grunt_orc_community_big_house_2, grunt_orc_community_big_house_2,
          grunt_orc_community_house_2, grunt_orc_community_house_3,
          grunt_orc_community_house_1, grunt_orc_community_house_2,
          grunt_orc_community_house_3, grunt_orc_community_house_3, uniq_rupert
